 Dungeon Crawl Stone Soup version 0.30-a0-726-gd89dcf765f (webtiles) character file.

Game seed: 13450056891731721154

16 hikkokomori the Magician (level 2, 0/19 HPs)
             Began as a Human Wanderer on Jan 30, 2023.
             Slain by a quokka (2 damage)
             ... on level 2 of the Dungeon.
             The game lasted 00:01:15 (257 turns).

hikkokomori the Magician (Human Wanderer)            Turns: 257, Time: 00:01:15

Health: 0/19       AC:  6    Str: 11    XL:     2   Next: 70%
Magic:  8/8        EV:  8    Int: 16    God:
Gold:   18         SH:  0    Dex:  9    Spells: 10/11 levels left

rFire   . . .      SeeInvis .    d - +2 dagger (vamp)
rCold   . . .      Faith    .    (no shield)
rNeg    . . .      Spirit   .    c - +0 scale mail
rPois   .          Reflect  .    (no helmet)
rElec   .          Harm     .    (no cloak)
rCorr   .          Rampage  .    (no gloves)
Will    .....                    (no boots) Stlth
                                 (no amulet)
HPRegen 0.23/turn                (no ring)
MPRegen 0.11/turn                (no ring)

@: no status effects
A: no striking features
a: no special abilities


You were on level 2 of the Dungeon.
You visited 1 branch of the dungeon, and saw 2 of its levels.

You collected 18 gold pieces.

Inventory:

Hand Weapons
 a - a +0 club
 d - a +2 vampiric dagger (weapon)
Armour
 c - a +0 scale mail (worn)
Scrolls
 b - a scroll of blinking
Potions
 e - a potion of degeneration {unknown}
 f - 2 potions of attraction {unknown}


   Skills:
 - Level 1.2 Throwing
 - Level 1.2 Armour
 + Level 5.1 Spellcasting
 + Level 3.3 Conjurations


You had 10 spell levels left.
You knew the following spells:

 Your Spells              Type           Power      Damage    Failure   Level
a - Shock                 Conj/Air       36%        1d5       41%         1

Your spell library contained the following spells:

 Spells                   Type           Power      Damage    Failure   Level
 Slow                     Hex            16%        N/A       65%         1
 Mephitic Cloud           Conj/Pois/Air  7%         N/A       86%         3
 Confusing Touch          Hex            4%         N/A       95%         3
 Sticky Flame             Conj/Fire      9%         2d3       99%         4


Dungeon Overview and Level Annotations

Branches:
Dungeon (2/15)

Altars:

Shops:
D:1 :


Message History

The quokka barely misses you. The frilled lizard bites you.
The quokka bites you.
You are too injured to fight recklessly!
You are too injured to fight recklessly!
You are too injured to fight recklessly!
You are too injured to fight recklessly!
You are too injured to fight recklessly!
You are too injured to fight recklessly!
You are too injured to fight recklessly!
You are too injured to fight recklessly!
You are too injured to fight recklessly!
You are too injured to fight recklessly!
You are too injured to fight recklessly!
You are too injured to fight recklessly!
You are too injured to fight recklessly!
You are too injured to fight recklessly!
You are too injured to fight recklessly!
You are too injured to fight recklessly!
You are too injured to fight recklessly!
You are too injured to fight recklessly!
The quokka bites you. The quokka attacks as you move away!
The quokka bites you.
* * * LOW HITPOINT WARNING * * *
The quokka attacks as you move away!
The quokka bites you but does no damage. x2
There is a stone staircase leading up here.
You barely miss the quokka.
The quokka bites you but does no damage.
The frilled lizard hisses.
You hit the quokka.
The quokka is moderately wounded.
The quokka bites you.
* * * LOW HITPOINT WARNING * * *
You hit the quokka but do no damage.
The quokka is moderately wounded.
The quokka bites you but does no damage.
You hit the quokka but do no damage.
The quokka is moderately wounded.
The quokka bites you.
You die...

...............
...............
......<........
..:.......#
#...##....# #
#....# #....#
#######r######
.....[..@.†..#
####.........#
......>......#
#..###########
.. #


You could see a quokka.

Vanquished Creatures
  An adder (D:2)
  A dart slug (D:1)
  An endoplasm (D:1)
  A goblin (D:1)
  A hobgoblin (D:1)
5 creatures vanquished.

Vanquished Creatures (others)
  A plant (D:2)
1 creature vanquished.

Grand Total: 6 creatures vanquished

Notes
Turn   | Place    | Note
-------+----------+-------------------------------------------
     0 | D:1      | hikkokomori the Human Wanderer began the quest for the Orb.
     0 | D:1      | hikkokomori set off with the following items: a +0 club, a
                  | scroll of blinking, a +0 scale mail; and the following
                  | spells available to memorise: Shock, Slow, Mephitic Cloud,
                  | Confusing Touch, Sticky Flame.
     0 | D:1      | Reached XP level 1. HP: 13/13 MP: 6/6
    38 | D:1      | Found a faded altar of an unknown god.
    54 | D:1      | Found Juxtuom's Vocational Training.
   197 | D:1      | Reached XP level 2. HP: 15/19 MP: 8/8
   200 | D:1      | Learned a level 1 spell: Shock
   257 | D:2      | Slain by a quokka

Illustrated notes

Levels and vault maps discovered:
D:1:      dpeg_arrival_leaves_temple_mockup, layout_basic,
          hellmonk_ecumenical_altar_run_dry, serial_shops,
          nicolae_shop_hallway_plus, nicolae_shop_vocational
D:2:      layout_rooms, serial_bayou_lake_a

Action                     || total
---------------------------++-------
  Melee: Club              ||    14
         Punch             ||     1
         Dagger            ||    19
   Cast: Shock             ||     1
    Use: Scroll            ||     1
 Armour: Scale mail        ||    17
  Dodge: Dodged            ||    17

Table legend: (Time is in decaauts)
 A = Elapsed time spent in this place.
 B = Non-inter-level travel time spent in this place.
 C = Inter-level travel time spent in this place.
 D = Time resting spent in this place.
 E = Time spent auto-exploring this place.
 F = Levels seen in this place.
 G = Mean time per level.
                   A        B        C        D        E       F      G
               +--------+--------+--------+--------+--------+-----+--------+
         Total |    260 |    195 |     65 |      0 |    118 |   2 |  130.0 |
       Dungeon |    260 |    195 |     65 |      0 |    118 |   2 |  130.0 |
               +--------+--------+--------+--------+--------+-----+--------+

Top non-repeatable levels by time:
     D:1: 211 daAuts
     D:2: 48 daAuts
